 Dungeon Crawl Stone Soup version 0.23.2-1-ga50397a (webtiles) character file.

Game seed: 2358814341803635720

766 MajorAdolf the Covert (level 7, -2/69 HPs)
             Began as a Naga Wanderer on Apr 21, 2019.
             Slain by a river rat (4 damage)
             ... on level 5 of the Dungeon.
             The game lasted 00:24:23 (6544 turns).

MajorAdolf the Covert (Naga Wanderer)               Turns: 6544, Time: 00:24:24

Health: -2/69      AC:  4    Str: 21    XL:     7   Next: 82%
Magic:  7/7        EV:  9    Int: 10    God:
Gold:   247        SH:  0    Dex:  8    Spells: 6/6 levels left

rFire    . . .     SeeInvis +   a - +0 war axe
rCold    . . .     Gourm    .   (no shield)
rNeg     . . .     Faith    .   (no armour)
rPois    +         Spirit   .   j - +0 helmet
rElec    .         Reflect  .   h - +0 cloak
rCorr    .         Harm     .   (no gloves)
MR       .....                  (no barding)
Stlth    ++++......             (no amulet)
HPRegen  0.21/turn              (no ring)
MPRegen  0.10/turn              (no ring)

@: short of breath, very slow
A: large, see invisible, deformed body, poison resistance, slowness 2, slow
metabolism 1, spit poison 1, AC +2
a: Spit Poison


You were on level 5 of the Dungeon.
You were hungry.

You visited 2 branches of the dungeon, and saw 7 of its levels.

You collected 247 gold pieces.

Inventory:

Hand Weapons
 a - a +0 war axe (weapon)
 c - a +0 shortbow
 n - a +1 dagger of freezing
Missiles
 d - 82 arrows
 l - 287 stones (quivered)
 q - a throwing net
Armour
 b - a +0 ring mail
 h - a +0 cloak (worn)
 j - a +0 helmet (worn)
 v - a +0 shield
Jewellery
 k - a +6 ring of evasion {unknown}
Scrolls
 i - 5 scrolls of teleportation
 t - a scroll of remove curse
 u - a scroll of identify
Potions
 e - 3 potions of might {unknown}
 g - 2 potions of curing
 m - 2 potions of mutation
 o - a potion of magic {unknown}
 r - a potion of flight {unknown}
 s - a potion of brilliance {unknown}
Comestibles
 f - 8 rations


   Skills:
 + Level 6.2 Fighting
 * Level 2.8 Axes
   Level 2.0 Staves
 - Level 1.0 Bows
 - Level 1.0 Armour
 + Level 9.6 Stealth
 - Level 1.0 Shields


You had 6 spell levels left.
You didn't know any spells.
Your spell library was empty.

Dungeon Overview and Level Annotations

Branches:
Dungeon (6/15)             Temple (1/1) D:4

Altars:
Cheibriados
Dithmenos
Elyvilon
Fedhas
Gozag
Hepliaklqana
Kikubaaqudgha
Makhleb
Nemelex Xobeh
Okawaru
Qazlal
Ru
Sif Muna
Trog
Uskayaw
Vehumet
Wu Jian
Xom
Yredelemnul
Zin
The Shining One

Shops:
D:6 ?

Annotations:
D:6 Grinder


Innate Abilities, Weirdness & Mutations

You cannot wear boots.
Your serpentine skin is tough. (AC +2)
You have supernaturally acute eyesight. (SInv)
Armour fits poorly on your strangely shaped body.
Your system is resistant to poisons. (rPois)
You cover ground very slowly.
You have a slow metabolism.
You can spit poison.


Message History

You kill the rat!
The river rat bites you.
* * * LOW HITPOINT WARNING * * *
Unknown command.
You hit the river rat but do no damage.
The river rat is moderately wounded.
The river rat bites you.
* * * LOW HITPOINT WARNING * * *
The river rat closely misses you.
You hit the river rat.
The river rat is severely wounded.
The river rat closely misses you.
Press: ? - help, Shift-Dir - straight line, f - river rat
Aim: a river rat (severely wounded)
The splash of poison misses the river rat.
You feel slightly more hungry. The river rat barely misses you.
You closely miss the river rat.
The river rat is severely wounded.
The river rat bites you.
You die...

#≈≈≈. +≈≈≈.
+##≈≈..## ≈≈≈≈....#
≈≈≈≈....# ######
≈≈......# ##...... .
........###..##.## .
#††r....#..$# .
###@......... .
#.....#... . .
#.....##.#.. .
#............# .
##....##.#...... ..
##...#.#...#..#.##..
#............#...#..
#......#...#........
#......##.##.#...#.#


You could see a river rat.

Vanquished Creatures
  An ogre (D:4)
  2 howler monkeys
  A crimson imp (D:5)
  An orc priest (D:5)
  A gnoll shaman (D:5)
  2 iguanas
  4 orc wizards
  5 worker ants
  4 gnolls
  9 adders
  An ooze (D:5)
  2 adder skeletons
  5 worms
  3 dart slugs
  3 leopard geckos
  12 orcs
  3 ball pythons
  4 giant cockroaches
  4 goblins
  2 hobgoblins
  3 quokkas
  5 bats
  8 frilled lizards
  8 kobolds
  A leopard gecko skeleton (D:4)
  A quokka skeleton (D:5)
  9 rats
104 creatures vanquished.

Vanquished Creatures (others)
  A rat (D:1)
1 creature vanquished.

Grand Total: 105 creatures vanquished

Notes
Turn   | Place    | Note
-------+----------+-------------------------------------------
     0 | D:1      | MajorAdolf the Naga Wanderer began the quest for the Orb.
     0 | D:1      | MajorAdolf set off with the following items: a +2
                  | quarterstaff, a +0 ring mail, a +0 shortbow, 21 arrows, a
                  | ration
     0 | D:1      | Reached XP level 1. HP: 22/22 MP: 1/1
   129 | D:1      | Reached skill level 2 in Stealth
   226 | D:1      | Reached skill level 3 in Stealth
   249 | D:1      | Reached XP level 2. HP: 27/30 MP: 2/2
   780 | D:2      | Reached skill level 4 in Stealth
   799 | D:2      | Reached XP level 3. HP: 36/36 MP: 3/3
   813 | D:2      | Reached skill level 5 in Stealth
  1255 | D:2      | Reached XP level 4. HP: 44/44 MP: 4/4
  1308 | D:2      | Reached skill level 6 in Stealth
  2147 | D:3      | Reached XP level 5. HP: 50/51 MP: 5/5
  2618 | D:3      | Reached skill level 7 in Stealth
  2759 | D:4      | Found a blossoming altar of Fedhas.
  3024 | D:4      | Found a staircase to the Ecumenical Temple.
  3073 | Temple   | Entered the Ecumenical Temple
  3430 | D:4      | Reached skill level 5 in Fighting
  3430 | D:4      | Reached XP level 6. HP: 16/61 MP: 6/6
  3968 | D:4      | Reached skill level 8 in Stealth
  4447 | D:4      | Reached XP level 7. HP: 7/68 MP: 7/7
  4841 | D:5      | Entered Level 5 of the Dungeon
  4845 | D:5      | Reached skill level 9 in Stealth
  5085 | D:5      | Reached skill level 1 in Axes
  6312 | D:6      | Found Rewk's Magic Scroll Emporium.
  6322 | D:6      | Noticed Grinder
  6541 | D:5      | HP: 2/69 [river rat (5)]
  6544 | D:5      | Slain by a river rat

Skill      XL: |  1  2  3  4  5  6  7 |
---------------+----------------------+-----
Stealth        | 3 4 5 6 7 8 9 |  9.6
Fighting       | 5 6 |  6.2
Axes           | 2 |  2.8
Staves         | |  2.0
Bows           | |  1.0
Armour         | |  1.0
Shields        | |  1.0

Action                   |  1- 3 |  4- 6 |  7- 9 || total
-------------------------+-------+-------+-------++-------
Melee: Quarterstaff      |    48 |       |       ||    48
       Dagger            |       |    23 |       ||    23
       Shortbow          |       |     1 |       ||     1
       War axe           |       |       |    97 ||    97
 Fire: Shortbow          |       |   100 |    11 ||   111
 Abil: Spit Poison       |    25 |    59 |    16 ||   100
  Use: Potion            |       |     3 |     3 ||     6
       Scroll            |       |     1 |     6 ||     7
 Stab: Sleeping          |       |     1 |     1 ||     2
  Eat: Chunk             |     2 |    11 |     6 ||    19
Armor: Ring mail         |    17 |       |       ||    17
       Skin              |     9 |    36 |    41 ||    86
Dodge: Dodged            |    26 |    36 |    82 ||   144
